[Event "29th Bosnjaci Open 2025"]
[Site "Bosnjaci"]
[Date "2025.01.04"]
[Round "3.6"]
[White "Hadzovic, Amir"]
[Black "Faukovic, Matija"]
[Result "1-0"]
[ECO "B23"]
[WhiteElo "2316"]
[BlackElo "2107"]
[Annotator "TA"]
[PlyCount "87"]
[EventDate "2025.01.04"]
[EventType "swiss"]
[EventCountry "CRO"]
[SourceTitle "playchess.com"]
[Source "ChessBase"]
[SourceQuality "1"]
[TimeControl "5400+30"]

1. e4 c5 2. Nc3 Nc6 3. f4 g6 4. Bc4 Bg7 5. d3 e6 6. a3 Nge7 7. Ba2 O-O 8. h4 $1 d5 (8... b5 $5) 9. h5 dxe4 (9... b5 $11) 10. Nxe4 $14 e5 (10... b5 $14) 11. hxg6 $16 {[%emt 0:00:38] White is more active.} hxg6 12. Nh3 (12. fxe5 $18 {Hoping for Bg5.} Nxe5 13. Nf3) 12... Nd5 $14 13. fxe5 Nxe5 14. Bg5 Nf6 $1 15. Nhf2 (15. Nxc5 Neg4 16. Ne4 Qb6 $17) 15... Qb6 (15... Bf5 $14) 16. Qc1 $2 (16. Bxf6 $16 {keeps the pressure on.} Bxf6 17. Nxf6+ Qxf6 18. Ne4) 16... Nfg4 $17 {[%emt 0:13:35][%cal Oc5c4] Strongly threatening ...c4!.} 17. O-O Nxf2 (17... Bf5 {looks sharper.} 18. a4 c4 19. a5 Qc6) 18. Nxf2 Be6 19. Bxe6 Qxe6 20. Qe3 f5 21. Qxc5 Rac8 (21... f4 $11) 22. Qe3 $1 $14 Qd5 (22... Rxc2 $2 23. d4 $18 (23. Qxa7 Qd6 $19)) 23. c3 Qb5 24. Bh6 (24. Qxa7 f4 25. a4 Qxb2 $11) 24... Bxh6 25. Qxh6 Rc6 (25... Qxb2 $2 26. d4 $18) 26. Rae1 Nf7 27. Qd2 g5 (27... Rb6 $16) 28. d4 $18 Qd5 29. Nd3 Rh6 30. Ne5 f4 31. Ng4 Rb6 (31... Re6 $16 {was necessary.} 32. Qd1 Kg7 33. Rxe6 Qxe6) 32. Ne5 $2 ({White should play} 32. Re7 $18) 32... Nh6 $2 (32... Rh6 $11 {and Black is okay.}) 33. c4 Qd8 34. c5 Ra6 (34... Rbf6 $142 35. d5 Qc8) 35. d5 Nf5 36. d6 Nxd6 37. cxd6 Rxd6 38. Qf2 Kg7 39. Ng4 Rh8 $2 (39... Qb6 40. Qxb6 Rxb6 41. Re7+ Rf7) 40. Re5 Rd2 41. Qc5 Rxg2+ 42. Kxg2 Qd2+ 43. Nf2 f3+ 44. Kg1 1-0

[Event "29th Bosnjaci Open 2025"]
[Site "Bosnjaci"]
[Date "2025.01.04"]
[Round "3.7"]
[White "Ljubicic, Mario"]
[Black "Zufic, Miroslav"]
[Result "1-0"]
[ECO "A04"]
[WhiteElo "2115"]
[BlackElo "2313"]
[Annotator "TA"]
[PlyCount "117"]
[EventDate "2025.01.04"]
[EventType "swiss"]
[EventCountry "CRO"]
[SourceTitle "playchess.com"]
[Source "ChessBase"]
[SourceQuality "1"]
[TimeControl "5400+30"]

1. e4 c5 2. Nf3 d6 3. d3 Nc6 4. g3 g6 5. Bg2 Bg7 6. O-O e5 7. c3 Nge7 8. a3 O-O 9. b4 a6 10. Be3 cxb4 (10... f5 {keeps more tension.} 11. Ng5 Kh8 12. Qb3 f4) 11. axb4 Be6 12. Qd2 d5 13. Ng5 Bg4 (13... d4 $11 {remains equal.} 14. Nxe6 fxe6 15. cxd4 Nxd4) 14. exd5 $1 $16 Nxd5 15. Bc5 Nde7 16. Na3 Qd7 17. Nc4 Rad8 18. h3 (18. Ne3 $142) 18... Bf5 $16 19. Nd6 (19. Rfd1 Qxd3 20. Qxd3 Rxd3 21. Bxc6 Nxc6 22. Bxf8 Bxf8 23. Rxd3 Bxd3 24. Nb2) 19... Bh6 (19... h6 $14 20. g4 hxg5 21. gxf5 Bf6) 20. h4 $1 $16 Be6 21. Qe2 (21. Qb2 $142) 21... Bd5 $16 22. Bxd5 Nxd5 23. Nde4 $1 Bg7 (23... Rfe8 $2 24. c4 Bg7 25. cxd5 $18) (23... f5 $142) 24. Bxf8 $16 Rxf8 25. Nc5 (25. Rfc1 $16) 25... Qe7 ({Black should play} 25... Nxc3 $14 26. Qd2 Qd4) 26. Rac1 (26. Nge4 $18) 26... h6 27. Nf3 a5 (27... Qc7 $16 28. h5 g5) 28. Qe4 (28. Rfe1 $1 $18) 28... Rd8 $16 29. b5 (29. h5 $1 $16 gxh5 30. Kg2) 29... Qxc5 $14 30. bxc6 (30. Qc4 {simplifies} Qxc4 31. dxc4 Nde7 32. bxc6 Nxc6 33. Rfd1) 30... bxc6 31. Nxe5 Nxc3 32. Nxc6 Rd6 $2 (32... Nxe4 $14 33. Rxc5 (33. Nxd8 $2 Nc3 $19) 33... Nxc5 34. Nxd8 a4) 33. Qe8+ $1 $18 Bf8 $2 (33... Kh7) 34. Nd8 $4 {[%emt 0:00:30][%mdl 8192] [#]} (34. Ne5 $18 Qa7 35. Rxc3) 34... Rf6 $4 (34... Rxd3 $2 35. Qxf7+ (35. Nxf7 Rxg3+ 36. Kh2 Rf3 $11) 35... Kh8 36. Ne6 $18 (36. Qxg6 Rxd8 37. Qf6+ Kg8 $18)) (34... Rxd8 $1 $19 35. Qxd8 Ne2+ 36. Kg2 Nxc1) 35. Qe1 $18 Qd4 36. Qxc3 Qxd8 37. Qc8 (37. Qc7 $18 Qxd3 38. Qxa5) 37... Qxd3 $16 38. Rcd1 Qf5 {[%emt 0:01:00] [#]} (38... Qa6 $16 39. Rd8 Qxc8 40. Rxc8 Kg7) 39. Qa8 ({White should try} 39. Qd8 $1 $18) 39... Kg7 40. Rd5 Qf3 (40... Ra6 $16 41. Qxa6 Qxd5) 41. Rxa5 $18 ({Less strong is} 41. Qxa5 Bd6 42. Qd2 Bxg3 $14) 41... Qxa8 42. Rxa8 h5 43. Rc1 Rf5 44. Kg2 Bc5 45. Ra2 Bd4 46. Rd1 Bc3 47. Rd3 Bb4 48. Rf3 Re5 49. Ra7 Be7 50. Rb7 Re1 51. Re3 Rxe3 52. fxe3 Bd6 53. Kf3 Be5 (53... Kf6 $142 54. Rb6 Ke6) 54. g4 $18 Bf6 (54... hxg4+ 55. Kxg4 Bd6) 55. Rb5 Bxh4 (55... hxg4+ $16 {keeps fighting.} 56. Kxg4 Be7) 56. gxh5 $18 f5 $2 (56... gxh5 $18 57. Rxh5 Be7) 57. Kf4 Bd8 58. Rd5 Bc7+ 59. Kg5 1-0

[Event "29th Bosnjaci Open 2025"]
[Site "Bosnjaci"]
[Date "2025.01.04"]
[Round "3.8"]
[White "Kovac, Petar"]
[Black "Ekmescic, Tarik"]
[Result "1/2-1/2"]
[ECO "D12"]
[WhiteElo "2289"]
[BlackElo "1967"]
[Annotator "TA"]
[PlyCount "34"]
[EventDate "2025.01.04"]
[EventType "swiss"]
[EventCountry "CRO"]
[SourceTitle "playchess.com"]
[Source "ChessBase"]
[SourceQuality "1"]
[TimeControl "5400+30"]

1. d4 d5 2. c4 c6 3. Nf3 Nf6 4. e3 Bf5 5. Nc3 e6 6. Nh4 Bg6 7. Nxg6 hxg6 8. Qc2 Bd6 9. Bd2 Nbd7 10. e4 (10. g3 $142) 10... dxe4 (10... Bxh2 11. exd5 Ng4 12. dxc6 (12. dxe6 Ndf6 $16) 12... bxc6 13. Be2 $18) (10... Rxh2 11. Rxh2 Bxh2 12. exd5 $14) 11. Nxe4 Nxe4 (11... Bxh2 $6 12. Ng5 $16) 12. Qxe4 Rh4 {[%emt 0:05:50] Inhibits g3.} (12... Rxh2 $2 13. Rxh2 Bxh2 14. g3 $18) (12... c5 $15) 13. Qd3 (13. f4 $1 $11) 13... c5 (13... Rxh2 $6 14. Rxh2 Bxh2 15. g3 $14) 14. dxc5 ({Better is} 14. g3 $15 Rxd4 15. Qe2) 14... Nxc5 $17 15. Qc2 {[%emt 0:01:31] [#]} Ne4 $1 {[%emt 0:27:13][%cal Oe4d2] White must now prevent ...Nxd2!.} (15... Rxh2 16. Rxh2 Bxh2 17. g3 $16) 16. Qa4+ $2 (16. g3 $17 Nxd2 17. Qxd2) 16... Kf8 $19 17. Be3 {[%emt 0:10:42][%cal Oe1c1] [#]} Bc5 ({Inferior is} 17... Bxh2 18. Rd1 Bd6 19. Rxh4 Qxh4 20. c5 $11) (17... b5 $1 $19 {[%cal Rb5a4] is more deadly.} 18. Qc2 Qa5+ (18... Bxh2 $2 19. Rxh2 Qa5+ 20. Ke2 $18) 19. Ke2 bxc4 (19... Bxh2 $2 20. g3 $18)) 1/2-1/2

[Event "29th Bosnjaci Open 2025"]
[Site "Bosnjaci"]
[Date "2025.01.04"]
[Round "3.9"]
[White "Bobanac, Miro"]
[Black "Pap, Misa"]
[Result "1/2-1/2"]
[ECO "A10"]
[WhiteElo "2157"]
[BlackElo "2436"]
[Annotator "TA"]
[PlyCount "170"]
[EventDate "2025.01.04"]
[EventType "swiss"]
[EventCountry "CRO"]
[SourceTitle "playchess.com"]
[Source "ChessBase"]
[SourceQuality "1"]
[TimeControl "5400+30"]

1. Nf3 f5 2. c4 Nf6 3. Nc3 e6 4. g3 b6 5. Bg2 Bb7 6. O-O Bb4 7. d3 O-O 8. a3 Bxc3 9. bxc3 Qe7 10. a4 a5 11. Ba3 d6 12. Qb3 Nbd7 13. Nd4 Bxg2 14. Kxg2 Qf7 15. Nb5 Rac8 16. Na7 Rb8 17. Nb5 Nc5 18. Qc2 Qd7 19. Bxc5 dxc5 20. Rad1 c6 21. Na3 e5 22. Qb2 Rfd8 23. Nc2 Qe6 24. Na3 h5 25. Qc1 f4 26. e3 f3+ 27. Kxf3 Rxd3 28. Kg2 e4 29. Rxd3 exd3 30. f3 Rd8 31. Qd2 h4 32. e4 h3+ 33. Kg1 Nh7 34. Rd1 Qe5 35. Nb1 Ng5 36. Qe3 Rf8 37. Nd2 Qf6 38. f4 (38. Qxd3 $2 Rd8 (38... Nxf3+ 39. Nxf3 Qxf3 40. Rd2 $17) 39. Qf1 $19 (39. Qc2 $2 Rxd2 40. Rxd2 Nxf3+ 41. Kf1 Nxd2+ $19)) 38... Nf7 (38... Ne6 $16) 39. e5 $1 $18 (39. Qxd3 $6 g5 $14) 39... Qe6 40. Ne4 $2 (40. Qxd3 $18 {Threatens to win with Ne4.} Rd8 41. Qe2) 40... Qxc4 (40... Rd8 $1 $11) 41. Qxd3 $16 (41. Rxd3 $6 Qxa4 42. Nf2 Re8 $11) 41... Qa2 42. Nf2 (42. Qd2 $1 $16 Qxa4 43. Qe2) 42... Nxe5 (42... Qxa4 $2 43. e6 (43. Nxh3 Rd8 $15) 43... Qb3 44. e7 $18 (44. exf7+ Qxf7 45. Nxh3 Qf5 $18)) 43. Qe4 Nf7 $1 44. Nxh3 b5 45. Qxc6 Qxa4 46. Rd7 Qa1+ 47. Kg2 Qa2+ 48. Nf2 Ne5 49. Qd5+ Qxd5+ 50. Rxd5 Nc4 51. Rxc5 a4 52. Nd3 $1 a3 53. Nb4 Rb8 54. Kf3 Re8 55. Rxb5 Re3+ 56. Kg4 Rxc3 57. Rb8+ Kh7 58. Ra8 Ne3+ 59. Kh4 Rb3 (59... Kg6 $11) 60. Nc6 $16 Nf1 61. Nd4 Rb4 $2 ({Black should try} 61... Rd3 $14) 62. Ne6 Nxh2 63. Rxa3 Kg6 {[%emt 0:01:05] [#]} 64. Ng5 $1 Rb6 (64... Nf1 $142 65. Rf3 Nd2) 65. Ra1 Kf5 (65... Rb3 {was worth a try.} 66. Ra6+ Kf5) 66. Ra5+ $18 Kf6 67. Re5 $2 (67. g4 $18 {is the precise move to win.}) 67... Nf1 $2 (67... Rb3 $16) 68. Re1 Nd2 69. Ne4+ $2 {[%emt 0:00:22] [#]} ({White should try} 69. Re8 $18) 69... Nxe4 $2 (69... Kf5 $1 $17 70. Nd6+ (70. g4+ Kxf4 71. Kh3 Rh6+ 72. Kg2 Nf3 $19) 70... Rxd6 71. Re5+ Kf6) 70. Rxe4 $11 Rb5 71. Ra4 g6 72. Ra6+ Kg7 73. Re6 Rh5+ 74. Kg4 Ra5 75. Re5 Ra3 76. Kh4 Rf3 77. Rb5 Kf6 78. Rb4 Ra3 79. Rb6+ Kg7 80. g4 Ra5 81. Re6 g5+ 82. fxg5 Ra1 83. g6 Ra5 84. Kg3 Ra3+ 85. Kf4 Ra4+ 1/2-1/2

[Event "29th Bosnjaci Open 2025"]
[Site "Bosnjaci"]
[Date "2025.01.04"]
[Round "3.10"]
[White "Zadravec, Matija"]
[Black "Kukic, Lora"]
[Result "1/2-1/2"]
[ECO "B12"]
[WhiteElo "2283"]
[BlackElo "1961"]
[Annotator "TA"]
[PlyCount "56"]
[EventDate "2025.01.04"]
[EventType "swiss"]
[EventCountry "CRO"]
[SourceTitle "playchess.com"]
[Source "ChessBase"]
[SourceQuality "1"]
[TimeControl "5400+30"]

1. e4 c6 2. d4 d5 3. e5 Bf5 4. h4 h5 5. Bd3 Bxd3 6. Qxd3 e6 7. Bg5 Qb6 8. Nd2 {[%emt 0:01:20] Active counter play!} c5 9. c4 cxd4 (9... Qxb2 $11 10. Nb3 b5) 10. Ngf3 {[%emt 0:03:18] next cxd5 is good for White.} Nc6 11. O-O {[%emt 0:05:43][%mdl 1024] White has compensation.} Nb4 12. Qb3 Ne7 13. a3 (13. Nxd4 $5 Qxd4 14. Qxb4 $11) 13... Nbc6 14. Qd3 Qc7 15. Rfe1 dxc4 16. Nxc4 Nf5 {[%emt 0:01:02] Repels Nd6+} 17. b4 a6 18. Rac1 Be7 {[%emt 0:02:48] [#]} 19. Na5 $1 O-O 20. Qe4 Qd7 21. Nxc6 bxc6 22. Bxe7 (22. Qxc6 Qxc6 23. Rxc6 a5) 22... Qxe7 23. Rc4 ({But not} 23. Qxc6 a5 $11) (23. Rxc6 Rfd8 $11) ({White should play} 23. Nxd4 $14 Nxd4 24. Qxd4) 23... a5 $11 24. Nxd4 Nxd4 25. Rxd4 c5 26. bxc5 Qxc5 27. Rd3 Rad8 28. Rg3 Qd4 1/2-1/2

[Event "29th Bosnjaci Open 2025"]
[Site "Bosnjaci"]
[Date "2025.01.04"]
[Round "3.11"]
[White "Topalic, Fran"]
[Black "Jakovic, Roko"]
[Result "1/2-1/2"]
[ECO "B51"]
[WhiteElo "1968"]
[BlackElo "2273"]
[Annotator "TA"]
[PlyCount "67"]
[EventDate "2025.01.04"]
[EventType "swiss"]
[EventCountry "CRO"]
[SourceTitle "playchess.com"]
[Source "ChessBase"]
[SourceQuality "1"]
[TimeControl "5400+30"]

1. e4 c5 2. Nf3 d6 3. Bb5+ Nd7 4. a4 Ngf6 5. Nc3 a6 6. Bc4 e6 7. d4 cxd4 8. Nxd4 Ne5 9. Be2 Be7 10. O-O Bd7 11. f4 Nc6 12. Nb3 O-O 13. a5 Rc8 14. Be3 Nb4 15. Bb6 Qe8 16. Bf3 e5 17. f5 Bc6 18. g4 $36 {[%emt 0:03:11][%mdl 2048] Black is under pressure.} Nd7 19. Be3 Qd8 20. Qd2 h6 21. Rf2 {[%emt 0:04:32] White is more active.} Nc5 (21... b5 $11 {remains equal.}) 22. Rg2 ({Better is} 22. f6 $16 Nxb3 (22... Bxf6 $2 23. Nxc5 Bh4 24. N5a4 $18) 23. cxb3 Bxf6 24. Ne2) 22... Bg5 $14 23. Bxg5 Qxg5 24. Qxg5 (24. Qxd6 $2 {loses.} Nxc2 (24... Qe3+ $2 25. Rf2 $17) 25. Rxc2 Qe3+ (25... Nxb3 26. Re1 $19) 26. Rf2 Nxb3 $19) (24. Nxc5 $1 $14 dxc5 25. Qf2) 24... hxg5 $11 25. Rd1 (25. Nxc5 $11 dxc5 26. Rd2) 25... Nxb3 (25... Na4 $17 26. Nxa4 Bxa4) 26. cxb3 Rfd8 27. Rgd2 Be8 (27... Kf8 $5) 28. Rxd6 Rxd6 29. Rxd6 Nc6 $1 30. Nd5 Kf8 31. Nb6 Rc7 {[%emt 0:02:03][%cal Oc6d4] And now ...Nd4! would win.} 32. Nd5 Rc8 $1 33. Nb6 Rc7 34. Nd5 1/2-1/2

[Event "29th Bosnjaci Open 2025"]
[Site "Bosnjaci"]
[Date "2025.01.04"]
[Round "3.12"]
[White "Sabic, Tomislav"]
[Black "Fercec, Nenad"]
[Result "0-1"]
[ECO "A29"]
[WhiteElo "2021"]
[BlackElo "2382"]
[Annotator "TA"]
[PlyCount "90"]
[EventDate "2025.01.04"]
[EventType "swiss"]
[EventCountry "CRO"]
[SourceTitle "playchess.com"]
[Source "ChessBase"]
[SourceQuality "1"]
[TimeControl "5400+30"]

1. c4 e5 2. Nc3 Nf6 3. Nf3 Nc6 4. g3 d5 5. cxd5 Nxd5 6. Bg2 Nb6 7. d3 Be7 8. O-O O-O 9. a3 Bg4 10. b4 a6 11. h3 Bh5 12. Bb2 Kh8 13. Ne4 f5 14. Nc5 Bxc5 15. bxc5 Nd7 16. Rc1 Qe7 17. Qc2 Nf6 18. Rfe1 Rae8 19. Nd2 (19. e3 $14 {is more appropriate.}) 19... Qd7 20. e3 Bf7 21. Nc4 Bd5 22. e4 $36 {[%emt 0:05:45][%mdl 2048] White has the initiative.} fxe4 23. dxe4 Bf7 24. Rcd1 Qe6 25. Ne3 Bg6 26. Qc4 Qxc4 27. Nxc4 Re7 {[%emt 0:03:44] [#]} 28. Bc1 (28. Bc3 $1 $16) 28... h6 $11 29. Ne3 (29. f3) 29... Bxe4 30. Bxe4 Nxe4 {[%emt 0:00:06] A dynamic duo of knights.} 31. Nd5 {[%emt 0:01:45] [#]} ({White should play} 31. Nf5 $1 $15 Rxf5 32. Rxe4) 31... Rd7 $1 $17 32. Rxe4 {[%emt 0:00:45] Ne3 would now be deadly.} Rfd8 33. Rde1 Rxd5 34. Be3 Nd4 35. Bxd4 exd4 $19 {[%emt 0:00:04][%mdl 4096] Endgame KRR-KRR. Black is a pawn up.} (35... Rxd4 36. Rxe5 R8d5 37. Kg2 $11) 36. Re5 (36. Rc1 $17) 36... d3 37. Rxd5 Rxd5 {[%emt 0:00:06] KR-KR. Black is a pawn up.} 38. Rd1 Kg8 (38... Rxc5 39. Rxd3 a5 40. Kf1) 39. f4 Kf7 (39... Rxc5 40. Rxd3 g5 41. fxg5 $17) 40. Kf2 d2 (40... Rxc5 41. Rxd3 b5 42. Rd7+ Kf6 43. g4 $19) 41. Ke3 Ke6 42. Ke4 Rxc5 43. Rxd2 Rc3 44. Rb2 b5 (44... Rxg3 45. Rxb7 Kd7 (45... Rxh3 46. Rxc7 Rg3 47. Rc6+ Kf7 48. Rxa6 $11) 46. Rb1 $17) 45. a4 (45. f5+ {keeps fighting.} Ke7 46. a4) 45... Rc4+ ({Don't take} 45... bxa4 46. Rb4 a3 (46... Rxg3 47. Rxa4 Rc3 48. Rxa6+ c6 49. Ra7 $17) 47. Ra4 $19) (45... Rxg3 $2 46. axb5 axb5 (46... Rxh3 47. bxa6 Ra3 48. Rc2 $15) 47. Rxb5 $19) 0-1

[Event "29th Bosnjaci Open 2025"]
[Site "Bosnjaci"]
[Date "2025.01.04"]
[Round "3.13"]
[White "Maravic, Ivan"]
[Black "Franc, Borna"]
[Result "1/2-1/2"]
[ECO "D35"]
[WhiteElo "2074"]
[BlackElo "2287"]
[Annotator "TA"]
[PlyCount "59"]
[EventDate "2025.01.04"]
[EventType "swiss"]
[EventCountry "CRO"]
[SourceTitle "playchess.com"]
[Source "ChessBase"]
[SourceQuality "1"]
[TimeControl "5400+30"]

1. d4 d5 2. c4 e6 3. Nc3 Nf6 4. cxd5 exd5 5. Bg5 Be7 6. e3 c6 7. Bd3 h6 8. Bh4 O-O 9. Nge2 Nbd7 10. O-O a5 11. f3 b5 12. Bf2 b4 13. Na4 c5 14. b3 cxd4 15. Nxd4 Ne5 16. Be2 Bd7 17. Nb2 ({Better is} 17. Rc1 $14) 17... Qb6 $11 18. Rc1 Rac8 19. Qd2 Bc5 20. Rc2 Bxd4 21. Rxc8 Rxc8 22. exd4 Ng6 23. Rc1 Re8 24. Nd3 Bb5 25. Bf1 Nd7 26. Nc5 Bxf1 27. Rxf1 Qb5 {[%emt 0:02:16] The position is equal.} 28. Nd3 Ndf8 29. Re1 Rxe1+ 30. Bxe1 {[%emt 0:00:54] Weighted Error Value: White=0.08 (flawless) /Black=0.09 (flawless) .  Mistake:       	White=1     	---        Inaccurate:     	White=1     	Black=2      OK:         	White=7     	Black=8      Best:        	White=1     	---} 1/2-1/2

[Event "29th Bosnjaci Open 2025"]
[Site "Bosnjaci"]
[Date "2025.01.04"]
[Round "3.14"]
[White "Vucenovic, Damian"]
[Black "Novak, Ivo"]
[Result "1-0"]
[ECO "B30"]
[WhiteElo "2272"]
[BlackElo "1957"]
[Annotator "TA"]
[PlyCount "47"]
[EventDate "2025.01.04"]
[EventType "swiss"]
[EventCountry "CRO"]
[SourceTitle "playchess.com"]
[Source "ChessBase"]
[SourceQuality "1"]
[TimeControl "5400+30"]

1. e4 c5 2. Nf3 Nc6 3. Bb5 e5 4. O-O Bd6 5. c3 a6 6. Ba4 b5 7. Bc2 Nf6 8. d4 {[%emt 0:00:20] White is slightly better.} cxd4 9. cxd4 Qc7 10. dxe5 Nxe5 11. Nxe5 Bxe5 12. f4 Qc5+ 13. Kh1 Bc7 (13... Bd4 $16 {was necessary.}) 14. e5 $36 {[%emt 0:10:59][%mdl 2048] Black is under strong pressure.} Nd5 (14... Ng4 $142) 15. Be4 Bb7 {[%emt 0:04:20] [#]} 16. Qf3 $1 Bc6 17. Rd1 Nb6 {[%emt 0:03:52] [#]} 18. Nc3 {[%emt 0:00:43] And now Be3 would win.} O-O 19. Be3 Qb4 20. Bxc6 dxc6 21. Qxc6 Rfc8 {[%emt 0:06:03] Black is weak on the dark squares} (21... Qc4 22. Qb7 Rfb8) 22. Bxb6 Bxe5 23. Nd5 Qf8 (23... Rxc6 24. Nxb4 Rxb6 25. fxe5 Re6) 24. Qd7 {[%emt 0:03:16] Weighted Error Value: White=0.01 (flawless) /Black=0.54.  Mistake:       	---       	Black=4      Inaccurate:     	---       	Black=1      OK:         	White=6     	Black=7      Best:        	White=5     	---        Strong:       	White=1     	---} 1-0

[Event "29th Bosnjaci Open 2025"]
[Site "Bosnjaci"]
[Date "2025.01.04"]
[Round "3.15"]
[White "Tomic, Stjepan"]
[Black "Grgantov, Marin"]
[Result "0-1"]
[ECO "C65"]
[WhiteElo "1978"]
[BlackElo "2191"]
[Annotator "TA"]
[PlyCount "77"]
[EventDate "2025.01.04"]
[EventType "swiss"]
[EventCountry "CRO"]
[SourceTitle "playchess.com"]
[Source "ChessBase"]
[SourceQuality "1"]
[TimeControl "5400+30"]

1. e4 e5 2. Nf3 Nc6 3. Bb5 Nf6 4. d3 Bc5 5. O-O Nd4 6. Nxd4 Bxd4 7. c3 Bb6 8. Bg5 h6 9. Bh4 {[%emt 0:00:37] The position is equal.} c6 10. Ba4 d6 11. Nd2 $2 (11. Bxf6 $11 {and White has nothing to worry.} Qxf6 12. Bb3) 11... g5 $19 12. Bg3 {[%emt 0:00:06][%cal Od3d4] [#]} Bg4 (12... h5 $1 $17 {[%cal Rh5h4] ...h4 would now be deadly.} 13. h4 Bg4) 13. Qe1 {[%emt 0:00:58] [#]} (13. Qc2 $15) 13... h5 $1 $17 {[%emt 0:02:50] aiming for ...h4. Black is more active.} 14. h4 Nd7 15. hxg5 (15. Kh1 {was worth a try.}) 15... h4 16. Bh2 Qxg5 17. Kh1 O-O-O {[%emt 0:05:03] And now ...Rdg8 would win.} ({Resist} 17... h3 18. g3 $17) 18. Nc4 $2 (18. f4 $17 Qg6 19. f5) 18... Bc7 $2 (18... h3 $19 {[%cal Og4f3] ( -> ...Bf3!)} 19. Nxb6+ (19. Nxd6+ $2 {perishes.} Kc7 $19) 19... Nxb6) 19. Qe3 {[%emt 0:01:41] Wards off Bf3} Qxe3 20. Nxe3 Be2 21. Bc2 (21. Rfe1 $17 {keeps fighting.} Bxd3 22. f3) 21... Bxf1 $19 22. Rxf1 Nb6 23. a4 a5 24. b4 Nd7 25. Bb3 Rh7 26. Nf5 Nf8 (26... Nf6 $19 27. Re1 Bb6) 27. Bd1 (27. b5 $17 {was called for.}) 27... Ne6 ({Better is} 27... axb4 $19 28. cxb4 Ne6) 28. Bg4 (28. b5 $17 {might work better.}) 28... Kb8 29. Rb1 axb4 30. cxb4 b5 31. a5 Kb7 32. Kg1 d5 33. Rc1 (33. exd5 $142 Rxd5 34. Re1) 33... dxe4 34. dxe4 Nd4 35. Kf1 Nxf5 36. Bxf5 Rh6 {[%emt 0:00:08] Strongly threatening ...Rd4.} 37. Bg1 $2 (37. f3) 37... Rhd6 38. Ke1 {[%emt 0:00:26] Dodges Rd1+} Rd4 39. Rb1 {[%emt 0:00:46] Weighted Error Value: White=0.63/Black=0.34.  Loses game:     	White=2     	---        Missed win:     	---       	Black=1      Mistake:       	White=7     	Black=3      Inaccurate:     	White=1     	---        OK:         	White=3     	Black=13     Best:        	White=2     	Black=2      Strong:       	---       	Black=1} 0-1

[Event "29th Bosnjaci Open 2025"]
[Site "Bosnjaci"]
[Date "2025.01.04"]
[Round "3.16"]
[White "Vidovic, Sasa"]
[Black "Vukosavic, Darko"]
[Result "1/2-1/2"]
[ECO "A01"]
[WhiteElo "2173"]
[BlackElo "1921"]
[Annotator "RC"]
[PlyCount "41"]
[EventDate "2025.01.04"]
[EventType "swiss"]
[EventCountry "CRO"]
[SourceTitle "playchess.com"]
[Source "ChessBase"]
[SourceQuality "1"]
[TimeControl "5400+30"]

1. b3 Nf6 2. Bb2 g6 3. g4 Bg7 4. g5 Nh5 5. Bxg7 Nxg7 6. Nc3 d5 7. d4 c5 8. dxc5 d4 9. Ne4 Bf5 10. Bg2 Nc6 11. Qd2 Qc7 12. Ng3 O-O 13. Bxc6 Qxc6 14. Qxd4 Rfd8 15. Qc3 Rac8 16. Nf3 Bh3 17. b4 Qd5 18. Nd2 b6 19. e4 Qxg5 20. O-O-O bxc5 21. b5 1/2-1/2

[Event "29th Bosnjaci Open 2025"]
[Site "Bosnjaci"]
[Date "2025.01.04"]
[Round "3.17"]
[White "Colev, Ivor"]
[Black "Maltasic, Eva"]
[Result "1-0"]
[ECO "B33"]
[WhiteElo "2169"]
[BlackElo "1664"]
[Annotator "RC"]
[PlyCount "67"]
[EventDate "2025.01.04"]
[EventType "swiss"]
[EventCountry "CRO"]
[SourceTitle "playchess.com"]
[Source "ChessBase"]
[SourceQuality "1"]
[TimeControl "5400+30"]

1. e4 c5 2. Nf3 Nc6 3. d4 cxd4 4. Nxd4 Nf6 5. Nc3 e5 6. Ndb5 d6 7. Bg5 a6 8. Na3 b5 9. Nd5 Be7 10. Bxf6 Bxf6 11. c4 b4 12. Nc2 a5 13. Qf3 Bg5 14. h4 Be7 15. Rd1 Be6 16. g3 O-O 17. Bh3 Rb8 18. b3 Qd7 19. Bxe6 Qxe6 20. O-O Rbd8 21. Rd3 f5 22. exf5 Rxf5 23. Qe4 Rff8 24. Nc7 Qf5 25. Qd5+ Rf7 26. Ne6 Rc8 27. Ne3 Qg6 28. c5 dxc5 29. h5 Qxh5 30. Qd7 Rd8 31. Nxd8 Nxd8 32. Qe8+ Bf8 33. Rxd8 Qh3 34. Qxe5 1-0

[Event "29th Bosnjaci Open 2025"]
[Site "Bosnjaci"]
[Date "2025.01.04"]
[Round "3.18"]
[White "Jusup, Matej"]
[Black "Mezak, Damir"]
[Result "1-0"]
[ECO "B13"]
[WhiteElo "2238"]
[BlackElo "1818"]
[Annotator "TA"]
[PlyCount "69"]
[EventDate "2025.01.04"]
[EventType "swiss"]
[EventCountry "CRO"]
[SourceTitle "playchess.com"]
[Source "ChessBase"]
[SourceQuality "1"]
[TimeControl "5400+30"]

1. e4 c6 2. d4 d5 3. exd5 cxd5 4. Bd3 Nc6 5. c3 Nf6 6. Bf4 e6 7. Nf3 Bd6 8. Bxd6 Qxd6 9. O-O O-O 10. Re1 Ne7 11. Ne5 Ng6 12. Nd2 Nd7 13. Bxg6 hxg6 14. Qg4 {[%emt 0:02:19] White is more active.} Qe7 (14... Qb6 $16) 15. Re3 $18 Nxe5 16. dxe5 f6 17. Qxg6 fxe5 18. Rxe5 Rf6 19. Qg3 Bd7 20. Rae1 Raf8 21. Nf3 Qf7 22. h4 {[%emt 0:04:45] Black is weak on the dark squares} Rf5 23. R1e2 Qh5 24. Nd4 Rxe5 25. Rxe5 Qh6 26. Rg5 Rf6 (26... Qh7 {might work better.} 27. h5 Qb1+ 28. Kh2 Qh7) 27. Nf3 Be8 28. Qb8 Rf8 29. Qxb7 Bh5 30. Ne5 Be8 31. Qxa7 Bf7 32. Qd4 {[%emt 0:00:42] and Ng4 should not be overlooked} Be8 33. Ng4 Qh8 34. Nf6+ Rxf6 35. Qxf6 1-0